Map: Acid Plant LE

Players

kali - Winner!

  • Race: Protoss Protoss
  • League: Diamond
  • Spawn Location: 11:00

Cheater 1 (Vision)

  • Race: Protoss Protoss
  • Spawn Location: 5:00

VOD

Have the link to the VOD?

Description

Time

  • Played on: June 17, 2018, 8:19 a.m.
  • Length: 16:09
Show
View Real Time Build Order
Export as new Build Order

kali Protoss - Winner!

Build Orders: Phoenix Opening 

Get SALT Encoding   

  1  0:00  Probe  
  12  0:05  Probe  
  14  0:17  Pylon  
  14  0:21  Probe  
  16  0:35  Probe  
  16  0:38  Gateway  
  16  0:44  Assimilator  
  16  0:47  Probe  
  17  0:56  Probe  
  18  1:04  Probe  
  19  1:16  Gateway  
  19  1:18  Probe  
  20  1:26  Cybernetics Core  
  20  1:28  Assimilator  
  20  1:35  Pylon  
  20  1:36  Probe  
  21  1:48  Probe  
  22  1:59  Probe  
  23  2:03  Warp Gate  
  23  2:04  Adept x2  
  23  2:07  Probe  
  27  2:15  Pylon  
  28  2:24  Stargate  
  28  2:27  Probe  
  29  2:34  Stalker  
  31  2:42  Shield Battery  
  31  2:47  Probe  
  32  2:52  Stalker  
  34  3:05  Phoenix  
  34  3:07  Probe  
  37  3:27  Robotics Facility  
  37  3:35  Pylon  
  37  3:48  Phoenix  
  39  3:57  Probe  
  40  4:03  Nexus  
  40  4:06  Phoenix  
  40  4:12  Probe  
  43  4:23  Observer  
  44  4:28  Phoenix  
  44  4:30  Probe, Pylon  
  47  4:41  Assimilator  
  47  4:56  Phoenix  
  47  4:57  Probe  
  50  5:06  Immortal  
  50  5:09  Probe  
  50  5:10  Stalker  
  50  5:11  Assimilator  
  53  5:18  Pylon, Probe  
  58  5:27  Phoenix  
  60  5:38  Probe  
  60  5:40  Stalker  
  60  5:42  Probe  
  64  5:46  Probe  
  64  5:48  Immortal  
  69  6:10  Phoenix  
  71  6:16  Immortal  
  71  6:20  Probe  
  71  6:21  Probe  
  71  6:24  Pylon  
  73  6:26  Twilight Council  
  77  6:33  Probe  
  78  6:43  Stalker  
  80  6:48  Immortal, Probe x2  
  86  7:03  Pylon  
  86  7:08  Templar Archives  
  86  7:19  Immortal  
  86  7:20  Pylon  
  86  7:21  Probe x2  
  92  7:30  Sentry  
  94  7:38  Pylon, Probe x2  
  96  7:50  Probe  
  95  7:59  Observer  
  95  8:00  High Templar x2  
  100  8:12  Probe  
  101  8:13  Nexus  
  101  8:14  Pylon  
  101  8:16  Assimilator  
  101  8:20  Gateway x2  
  101  8:22  Gateway  
  101  8:25  Gateway  
  101  8:26  Probe x2  
  103  8:31  Archon  
  103  8:33  Pylon x2  
  103  8:36  Immortal  
  103  8:37  High Templar  
  109  8:55  Gateway  
  109  8:56  Gateway  
  109  9:00  Probe x2  
  111  9:07  Charge  
  109  9:23  High Templar x4  
  117  9:24  Immortal  
  117  9:25  Zealot x2  
  117  9:29  Probe x2  
  117  9:30  Probe  
  124  9:32  Pylon  
  124  9:33  Pylon  
  124  9:38  Archon x2  
  128  9:41  Probe  
  128  9:45  Probe x2  
  127  10:02  High Templar x2  
  127  10:03  Zealot x4  
  139  10:07  Forge  
  139  10:09  Probe x2, Forge  
  139  10:11  Assimilator  
  139  10:26  Archon  
  137  10:48  Protoss Ground Weapons Level 1  
  123  10:55  Protoss Ground Armor Level 1  
  123  10:56  Immortal  
  107  11:02  High Templar x4  
  107  11:03  High Templar  
  103  11:05  High Templar  
  103  11:06  Zealot x2  
  103  11:11  Pylon  
  101  11:13  Shield Battery  
  101  11:14  Archon, Shield Battery  
  101  11:15  Archon x2  
  101  11:34  Zealot x2, Immortal  
  101  11:35  Zealot x4  
  101  11:36  Nexus  
  101  11:38  Pylon  
  113  11:40  Shield Battery x2  
  113  11:41  Assimilator  
  113  11:46  Assimilator  
  117  11:48  High Templar x2  
  121  11:54  Shield Battery  
  121  11:56  Probe x3  
  121  11:58  Shield Battery  
  121  11:59  Shield Battery  
  121  12:00  Photon Cannon  
  124  12:02  High Templar, Photon Cannon  
  124  12:03  Zealot x4, High Templar  
  124  12:05  Archon  
  124  12:08  Archon, Probe  
  137  12:18  Stargate  
  137  12:19  Stargate, Protoss Ground Weapons Level 2  
  137  12:20  Probe  
  137  12:21  Probe  
  139  12:31  Sentry  
  139  12:32  Sentry  
  139  12:33  Zealot x3  
  139  12:34  Zealot  
  151  12:45  Pylon  
  151  12:48  Pylon  
  151  12:55  Fleet Beacon  
  151  13:05  Photon Cannon  
  149  13:06  Shield Battery  
  149  13:11  Pylon  
  149  13:12  Protoss Shields Level 1  
  127  13:24  Zealot  
  127  13:25  Zealot x7  
  135  13:30  Tempest x2  
  137  13:42  Tempest  
  141  13:57  Immortal  
  141  13:59  High Templar  
  141  14:00  High Templar x3  
  153  14:06  Probe  
  154  14:10  Archon x2  
  154  14:16  Tempest  
  160  14:22  Tempest  
  162  14:25  Zealot x4  
  170  14:38  Tempest  
  176  14:57  Immortal  
  176  14:59  Tempest  
  186  15:05  Tempest  
  190  15:13  Zealot x2  
  192  15:21  Tempest  
  198  15:34  Nexus  
  198  15:35  Pylon  
  198  15:38  Pylon  
  198  15:50  Assimilator  
  198  15:54  Assimilator  
  198  15:55  Pylon  
  198  15:56  Pylon  
  198  15:57  Pylon x2  
  198  15:59  Pylon  
  198  16:03  Pylon  
  196  16:05  Pylon  
  196  16:06  Pylon  
Show
View Real Time Build Order
Export as new Build Order

Cheater 1 (Vision) Protoss 

Build Orders: Zealot Archon 

Get SALT Encoding   

  12  0:00  Probe  
  13  0:13  Probe  
  14  0:20  Pylon  
  14  0:25  Probe  
  15  0:34  Probe  
  15  0:42  Probe  
  17  0:50  Assimilator  
  17  0:51  Probe  
  17  0:52  Gateway  
  18  0:59  Probe  
  18  1:01  Pylon  
  19  1:07  Probe  
  20  1:18  Probe  
  21  1:36  Gateway  
  21  1:37  Probe  
  21  1:39  Zealot  
  22  1:41  Cybernetics Core  
  22  1:46  Pylon  
  24  1:49  Probe  
  25  1:58  Zealot  
  26  2:01  Probe  
  28  2:10  Warp Gate  
  28  2:13  Probe  
  29  2:23  Adept  
  29  2:24  Gateway  
  29  2:25  Adept  
  33  2:33  Gateway  
  33  2:50  Stalker  
  35  2:52  Stalker  
  35  2:53  Probe, Pylon  
  38  2:59  Assimilator  
  38  3:05  Probe  
  39  3:11  Adept  
  40  3:17  Probe  
  38  3:26  Adept  
  40  3:29  Probe  
  41  3:35  Stalker  
  40  3:41  Probe  
  40  3:53  Probe  
  41  4:00  Adept  
  43  4:03  Probe  
  44  4:11  Probe  
  45  4:20  Probe  
  46  4:27  Pylon  
  46  4:32  Probe  
  46  4:36  Forge  
  47  4:44  Adept  
  47  4:45  Adept x2  
  51  4:49  Probe  
  51  5:00  Probe  
  52  5:08  Probe  
  52  5:11  Adept, Photon Cannon  
  52  5:12  Photon Cannon  
  55  5:18  Probe  
  55  5:30  Pylon  
  55  5:36  Probe  
  54  5:48  Stalker, Sentry, Twilight Council, Probe  
  59  5:56  Pylon  
  59  6:27  Templar Archives  
  59  6:29  Stalker, Zealot  
  59  6:31  Stalker  
  65  6:33  Pylon  
  65  6:52  Nexus  
  65  7:01  Stalker  
  65  7:04  High Templar x2  
  71  7:09  Pylon  
  71  7:10  Archon  
  71  7:11  High Templar  
  73  7:27  Robotics Facility  
  73  7:42  Zealot  
  75  7:45  Pylon  
  75  7:51  High Templar  
  75  7:56  Archon  
  77  8:04  Probe x2  
  79  8:12  Assimilator  
  79  8:13  Probe  
  79  8:17  Observer, Probe  
  82  8:21  Probe  
  83  8:29  Probe  
  83  8:30  Probe  
  83  8:33  High Templar  
  87  8:35  Assimilator  
  87  8:41  Probe  
  88  8:42  Probe  
  87  8:49  Zealot  
  87  8:53  Probe  
  87  8:54  Probe  
  91  8:58  High Templar  
  93  9:03  Stalker  
  93  9:05  Probe  
  93  9:06  Probe  
  97  9:12  Pylon  
  97  9:13  Sentry  
  99  9:17  Probe  
  99  9:18  Archon  
  99  9:19  Probe  
  101  9:27  High Templar  
  101  9:29  Zealot x2, Probe  
  101  9:31  Probe  
  109  9:35  Pylon  
  109  9:41  Probe  
  109  9:42  High Templar  
  109  9:43  Probe  
  113  9:51  Zealot  
  113  9:52  Zealot  
  116  9:55  Probe  
  116  9:58  Pylon  
  116  9:59  Zealot  
  119  10:09  Nexus  
  119  10:13  Zealot  
  121  10:20  Zealot  
  121  10:21  Pylon  
  123  10:22  Archon  
  123  10:23  High Templar  
  123  10:26  Zealot  
  127  10:29  High Templar  
  127  10:35  Zealot  
  119  10:42  Pylon  
  119  10:47  Zealot  
  103  10:51  High Templar  
  103  10:55  Stalker  
  95  10:59  Psionic Storm  
  95  11:01  Zealot  
  89  11:07  Zealot  
  91  11:13  Archon  
  91  11:17  Zealot, Protoss Ground Weapons Level 1  
  93  11:21  Zealot  
  93  11:23  High Templar  
  93  11:24  Probe  
  98  11:27  Zealot, Probe  
  98  11:29  Probe  
  98  11:30  Zealot  
  104  11:36  Probe  
  104  11:39  Probe  
  106  11:41  Probe  
  106  11:42  High Templar  
  109  11:48  Probe  
  109  11:51  Zealot x3, Probe  
  109  11:53  Probe  
  118  12:01  Probe  
  119  12:03  Nexus  
  119  12:04  Archon  
  119  12:11  Zealot, High Templar x2  
  119  12:14  Probe  
  119  12:15  Zealot, Probe  
  128  12:16  Probe  
  130  12:26  Probe  
  130  12:28  Probe  
  130  12:29  Probe  
  133  12:31  Zealot x2  
  133  12:32  Archon  
  133  12:35  Zealot  
  139  12:38  Probe  
  139  12:42  Probe  
  139  12:44  Zealot  
  143  12:45  Zealot x2, Pylon  
  147  12:54  Zealot, Immortal  
  153  13:02  Zealot  
  155  13:09  Pylon  
  155  13:11  Zealot  
  145  13:14  Zealot  
  145  13:16  Zealot  
  145  13:18  Probe  
  145  13:19  Probe  
  134  13:20  Probe x2  
  134  13:25  Stalker  
  108  13:27  Adept  
  108  13:34  Stalker, Immortal  
  100  13:37  Adept  
  100  13:38  Probe  
  100  13:39  Probe x2  
  100  13:41  Stalker, Probe  
  103  13:48  Zealot  
  90  13:57  Zealot, Sentry  
  90  13:58  Stalker  
  92  14:07  Assimilator  
  92  14:08  Zealot  
  92  14:09  Assimilator  
  94  14:12  Observer  
  94  14:16  Assimilator  
  95  14:17  Assimilator, Adept  
  95  14:19  Zealot  
  95  14:21  Zealot  
  87  14:24  Immortal  
  87  14:28  Stalker  
  83  14:32  Adept  
  83  14:33  Zealot  
  83  14:35  Probe  
  83  14:36  Probe  
  91  14:41  Zealot, Probe  
  91  14:46  Zealot  
  91  14:47  Stalker  
  91  14:51  Zealot  
  81  15:00  Probe  
  81  15:01  Zealot  
  81  15:02  Sentry  
  81  15:04  Immortal  
  81  15:05  Probe  
  71  15:10  Adept  
  71  15:11  Zealot  
  74  15:16  Probe  
  72  15:21  Stalker  
  72  15:25  Stalker  
  64  15:30  Adept  
  64  15:31  Zealot  
  40  15:48  Zealot  
  44  15:50  Stalker, Adept  
  44  15:51  Sentry  
  34  16:02  Sentry  
Tags
 
Composition
Zealot Archon
League
Diamond
Matchup
PvP
Spawn Locations
Cross Positions
Add a new tag
Caveats
  • Supply blocks, unpowered buildings, or Contaminate may cause inaccurate times.
  • Supply counts are checked every 10 seconds.